Map: Port Aleksander LE

Players

Yocto - Winner!

  • Race: Zerg Zerg
  • Spawn Location: 5:00

knigurai

  • Race: Protoss Protoss
  • League: Platinum
  • Spawn Location: 11:00

VOD

Have the link to the VOD?

Description

Time

  • Played on: Dec. 15, 2018, 2:04 a.m.
  • Length: 5:52
Show
View Real Time Build Order
Export as new Build Order

Yocto Zerg - Winner!

Build Orders: Hatch First, Zergling Baneling 

Get SALT Encoding   

  12  0:01  Drone  
  13  0:15  Overlord  
  13  0:19  Drone  
  14  0:35  Drone x2  
  16  0:38  Drone  
  17  0:57  Hatchery  
  17  1:02  Drone  
  17  1:06  Extractor  
  17  1:07  Drone  
  17  1:23  Spawning Pool  
  17  1:25  Drone  
  17  1:38  Drone x2  
  19  1:50  Overlord  
  19  2:11  Zergling x2  
  19  2:12  Zergling x4  
  19  2:13  Queen  
  19  2:14  Metabolic Boost  
  24  2:22  Queen  
  24  2:26  Zergling x2  
  27  2:36  Zergling x2  
  28  2:39  Baneling Nest  
  28  2:40  Zergling x2  
  28  2:43  Zergling x2  
  29  2:46  Zergling x2  
  30  2:55  Zergling x4  
  32  3:08  Overlord  
  32  3:09  Zergling x4  
  35  3:12  Zergling x2  
  35  3:26  Zergling x8  
  39  3:40  Zergling x6  
  42  3:48  Baneling x6  
  42  3:50  Baneling  
  42  4:03  Overlord  
  42  4:07  Baneling x2  
  42  4:08  Baneling  
  42  4:10  Overlord  
  42  4:30  Zergling x8  
  42  4:48  Zergling x2  
  42  4:49  Zergling x12  
  44  4:57  Zergling x4  
  42  5:05  Zergling x2  
  42  5:06  Zergling x2  
  44  5:13  Zergling x4  
  45  5:16  Zergling x2  
  43  5:23  Zergling x4  
  42  5:29  Zergling x2  
  42  5:31  Zergling x2  
Show
View Real Time Build Order
Export as new Build Order

knigurai Protoss 

Build Orders: 1 Gate Expand 

Get SALT Encoding   

  1  0:00  Probe  
  12  0:05  Probe  
  14  0:15  Probe  
  15  0:23  Pylon  
  15  0:41  Probe  
  16  0:46  Gateway  
  16  0:54  Probe  
  17  1:21  Nexus  
  17  1:32  Probe  
  18  1:36  Cybernetics Core  
  18  1:39  Assimilator  
  18  1:44  Probe  
  18  1:45  Assimilator  
  19  1:52  Probe  
  19  1:57  Warp Gate  
  19  2:00  Probe  
  21  2:16  Gateway  
  21  2:25  Adept  
  23  2:33  Probe  
  23  2:35  Pylon  
  24  2:44  Probe  
  25  2:54  Robotics Facility  
  25  2:57  Gateway  
  25  2:59  Probe  
  25  3:03  Probe  
  27  3:11  Stalker  
  29  3:15  Probe  
  30  3:26  Probe  
  31  3:28  Probe  
  31  3:30  Stalker  
  34  3:43  Shield Battery  
  34  3:46  Pylon  
  34  3:47  Probe x2  
  36  4:03  Probe x2  
  36  4:04  Observer  
  36  4:08  Zealot x2  
  42  4:16  Probe x2  
  45  4:21  Pylon  
  45  4:22  Immortal  
  45  4:28  Probe, Assimilator  
  45  4:29  Probe  
  51  4:34  Zealot  
  51  4:47  Zealot x2  
  53  4:59  Zealot  
  43  5:12  Zealot x2  
  40  5:34  Zealot  
Tags
 
Add a new tag
Caveats
  • Supply blocks, unpowered buildings, or Contaminate may cause inaccurate times.
  • Supply counts are checked every 10 seconds.